 Dungeon Crawl Stone Soup version 0.26.1-11-gd32895ea62 (webtiles) character file.

Game seed: 15309260334238431200

62 DildoBatman the Conjurer (level 4, 0/30 HPs)
             Began as a Formicid Conjurer on July 19, 2021.
             Slain by an adder (1 damage)
             ... on level 2 of the Dungeon.
             The game lasted 00:03:28 (1571 turns).

DildoBatman the Conjurer (Formicid Conjurer)        Turns: 1571, Time: 00:03:28

Health: 0/30       AC:  2    Str: 11    XL:     4   Next: 28%
Magic:  5/7        EV: 12    Int: 18    God:
Gold:   74         SH:  0    Dex: 10    Spells: 4/7 levels left

rFire    . . .     SeeInvis +   d - +0 club
rCold    . . .     Faith    .   (no shield)
rNeg     . . .     Spirit   .   a - +0 robe
rPois    .         Reflect  .   (helmet unavailable)
rElec    .         Harm     .   (no cloak)
rCorr    .         Rampage  .   (no gloves)
Will     .....                  (no boots)
Stlth    ++........             (no amulet)
HPRegen  0.10/turn              (no ring)
MPRegen  0.10/turn              (no ring)

@: lethally poisoned (0 -> -4)
A: permanent stasis, dig shafts and tunnels, four strong arms, antennae 3
a: Dig, Shaft Self


You were on level 2 of the Dungeon.
You visited 1 branch of the dungeon, and saw 2 of its levels.

You collected 74 gold pieces.

Inventory:

Hand Weapons
 d - a +0 club (weapon)
 e - a +0 hunting sling
Missiles
 b - 64 stones
 k - 8 boomerangs
Armour
 a - a +0 robe (worn)
Scrolls
 c - a scroll of identify {unknown}
 f - a scroll of immolation {unknown}
 h - 2 scrolls of teleportation {unknown}
 i - a scroll of blinking {unknown}
 j - a scroll of fear {unknown}
Potions
 g - a potion of attraction {unknown}


   Skills:
 - Level 1.7 Dodging
 - Level 2.4 Stealth
 - Level 2.1 Spellcasting
 * Level 5.0 Conjurations


You had 4 spell levels left.
You knew the following spells:

 Your Spells              Type           Power        Failure   Level
a - Searing Ray           Conj           40%          3%          2
c - Magic Dart            Conj           80%          2%          1

Your spell library contained the following spells:

 Spells                   Type           Power        Failure   Level
 Dazzling Flash           Conj/Hex       22%          19%         3
 Fulminant Prism          Conj/Hex       5%           54%         4
 Iskenderun's Mystic Bla  Conj/Tloc      11%          54%         4


Dungeon Overview and Level Annotations

Branches:
Dungeon (2/15)

Altars:

Annotations:
D:1 Robin


Innate Abilities, Weirdness & Mutations

You cannot be hasted, slowed, berserked, paralysed or teleported.
You can dig through walls and to a lower floor.
Your four strong arms can wield two-handed weapons with a shield.
You have a pair of large antennae on your head. (SInv)


Message History

The adder bites you.
You are lethally poisoned!
The adder poisons you!
You feel sick.
Casting: Magic Dart (safe; 2% risk of failure)
Confirm with . or Enter, or press ? or * to list all spells.
Aiming: Searing Ray (safe; 3% risk of failure)
Press: ? - help, Shift-Dir - straight line, f - adder
Aim: an adder (37% to evade)
The searing ray hits the adder!
The adder is severely wounded.
The searing ray hits the goblin!
You kill the goblin!
The searing ray hits the goblin!
You kill the goblin!
The searing ray hits the kobold.
The kobold is severely wounded. (Press . to maintain the ray.)
The adder bites you.
You die...

#.# #.#.# ###
#.#.####... #.#......#.
###.#........
.............
#..........###
#@............
#S#g######..##### #
#)#<....#.........
...##.#)g.....#...#.#...
.......K................
...##.#........<).# #...
#.###.#######)#.#... #
.............#...
#.#.#######.###...


You could see an adder, 2 goblins and a kobold.

Vanquished Creatures
  2 oozes
  A dart slug (D:1)
  2 leopard geckos (D:1)
  4 bats
  2 giant cockroaches (D:1)
  10 goblins
  5 hobgoblins
  5 jackals (D:1)
  3 kobolds (D:1)
  A quokka (D:2)
  4 frilled lizards
  6 rats
45 creatures vanquished.

Notes
Turn   | Place    | Note
-------+----------+-------------------------------------------
     0 | D:1      | DildoBatman the Formicid Conjurer began the quest for the
                  | Orb.
     0 | D:1      | Reached XP level 1. HP: 13/13 MP: 3/3
   115 | D:1      | Reached skill level 4 in Conjurations
   115 | D:1      | Reached XP level 2. HP: 19/19 MP: 0/5
   118 | D:1      | Learned a level 2 spell: Searing Ray
   529 | D:1      | Reached XP level 3. HP: 23/24 MP: 2/6
  1288 | D:2      | Noticed Robin
  1298 | D:1      | Reached XP level 4. HP: 19/30 MP: 4/7
  1360 | D:2      | Reached skill level 5 in Conjurations
  1570 | D:2      | HP: 1/30 [poisoned by an adder]
  1571 | D:2      | Slain by an adder

Illustrated notes

Levels and vault maps discovered:
D:1:      enne_arrival_octagon_isle, layout_loops_corners
D:2:      layout_basic, serial_curves, eino_curves_01, eino_curves_02,
          palyth_stone_intersect, uniq_robin

Skill      XL: |  1  2  3  4 |
---------------+-------------+-----
Conjurations   | 4 5 |  5.0
Dodging        | |  1.7
Stealth        | |  2.4
Spellcasting   | |  2.1

Action                   |  1- 3 |  4- 6 || total
-------------------------+-------+-------++-------
Melee: Club              |    18 |     3 ||    21
       Unarmed           |     2 |       ||     2
 Cast: Magic Dart        |    24 |     3 ||    27
       Searing Ray       |    11 |     3 ||    14
 Abil: Dig               |     2 |     3 ||     5
Armor: Robe              |    11 |     2 ||    13
Dodge: Dodged            |    28 |    12 ||    40
